[Event "Titled Tuesday Blitz June 6 Late 2023"]
[White "Jaracz, Pawel"]
[Black "Ozalp, Burak"]
[WhiteFideId "1102222"]
[BlackFideId "6314210"]
[WhiteElo "2454"]
[BlackElo "2106"]
[Result "1-0"]
[Round "1"]
[TimeControl "180+2"]
[Date "2023.06.07"]
[WhiteClock "0:00:46"]
[BlackClock "0:00:04"]
[Board "92"]

1. d4 Nf6 2. c4 g6 3. Nc3 Bg7 4. e4 d6 5. Nf3 O-O 6. Be2 e5 7. O-O exd4 8. Nxd4 Re8 9. f3 c6 10. Kh1 Nbd7 11. Bf4 Nc5 12. Qd2 a5 13. Rad1 Nh5 14. Be3 Qh4 15. Bf2 Qf4 16. Qc2 a4 17. g3 Qf6 18. Be3 Bh3 19. Rf2 a3 20. b4 Ne6 21. Qd2 Nxd4 22. Bxd4 Qxd4 23. Qxd4 Bxd4 24. Rxd4 f5 25. Rxd6 Rad8 26. c5 fxe4 27. Nxe4 Rxd6 28. cxd6 Bf5 29. Bc4+ Kg7 30. Rd2 Bxe4 31. fxe4 Nf6 32. e5 Rxe5 33. d7 Re1+ 34. Kg2 Nxd7 35. Rxd7+ Kh6 36. Rxb7 Rc1 37. Bb3 c5 38. Rc7 Rb1 39. Rxc5 Rxb3 40. axb3 a2 41. Ra5 a1=Q 42. Rxa1 1-0


[Site "https://www.chess.com"]

[Event "Titled Tuesday Blitz June 6 Late 2023"]
[White "Amanov, Zhanibek"]
[Black "Korchmar, Vasiliy"]
[WhiteFideId "13700189"]
[BlackFideId "24131750"]
[WhiteElo "2134"]
[BlackElo "2370"]
[Result "0-1"]
[Round "1"]
[TimeControl "180+2"]
[Date "2023.06.07"]
[WhiteClock "0:00:51"]
[BlackClock "0:01:19"]
[Board "93"]

1. e4 c5 2. c3 Nf6 3. Bd3 Nc6 4. Nf3 d5 5. exd5 Qxd5 6. Qe2 Bg4 7. Bc4 Qh5 8. d3 Bxf3 9. gxf3 g6 10. Be3 Bg7 11. Nd2 O-O 12. O-O-O Na5 13. Nf1 a6 14. Ng3 Qe5 15. d4 cxd4 16. Bxd4 Qf4+ 17. Kb1 Nxc4 18. Qxc4 e5 19. Qc7 Nd5 20. Qxb7 Qxf3 21. Ka1 exd4 22. h4 dxc3 23. Qxd5 Qxf2 0-1


[Site "https://www.chess.com"]

[Event "Titled Tuesday Blitz June 6 Late 2023"]
[White "Sai Krishna G V"]
[Black "MrAnnihilation"]
[WhiteFideId "5028280"]
[WhiteElo "2359"]
[BlackElo "2401"]
[Result "1-0"]
[Round "1"]
[TimeControl "180+2"]
[Date "2023.06.07"]
[WhiteClock "0:00:31"]
[BlackClock "0:00:09"]
[Board "94"]

1. d4 Nf6 2. Nf3 e6 3. g3 b6 4. Bg2 Bb7 5. O-O c5 6. dxc5 Bxc5 7. b3 d5 8. Bb2 Nbd7 9. Nbd2 Qe7 10. c4 O-O 11. cxd5 Bxd5 12. Qe1 Ne4 13. a3 a5 14. Rd1 Nxd2 15. Qxd2 Bxa3 16. e4 Bc6 17. Nd4 Bb7 18. Bxa3 Qxa3 19. Nb5 Qc5 20. Qxd7 Bc6 21. Qd6 Qxb5 22. Rd3 Rfc8 23. Rfd1 h6 24. Qe7 Qb4 25. Qxb4 axb4 26. Rd6 Ra3 27. Rc1 Rxb3 28. Rdxc6 Rxc6 29. Rxc6 Rc3 30. Rxb6 b3 31. e5 g5 32. Be4 Kg7 33. Kg2 g4 34. h3 h5 35. hxg4 hxg4 36. Bc6 Rc5 37. Be8 Rxe5 38. Rxb3 Rf5 39. Rb4 Rg5 40. Rf4 f5 41. Rb4 Kf6 42. Rb6 Rg7 43. Ba4 Re7 44. Bb3 Ke5 45. Kf1 Kf6 46. Ke2 Ke5 47. Ke3 Re8 48. Rb5+ Kf6 49. Rb6 Ke5 50. Ba4 Re7 51. Rb8 Kf6 52. Rf8+ Ke5 53. Re8 Rxe8 54. Bxe8 Kf6 55. Kd4 e5+ 56. Kd5 f4 57. Bd7 1-0


[Site "https://www.chess.com"]

[Event "Titled Tuesday Blitz June 6 Late 2023"]
[White "Dzierzak, Radoslaw"]
[Black "Kourkoulos-Arditis, Stamatis"]
[WhiteFideId "1161407"]
[BlackFideId "4221990"]
[WhiteElo "2166"]
[BlackElo "2400"]
[Result "1-0"]
[Round "1"]
[TimeControl "180+2"]
[Date "2023.06.07"]
[WhiteClock "0:00:10"]
[BlackClock "0:00:38"]
[Board "95"]

1. e4 Nf6 2. e5 Nd5 3. d4 d6 4. c4 Nb6 5. exd6 exd6 6. Nc3 Nc6 7. d5 Ne5 8. b3 g6 9. Nf3 Bg7 10. Nxe5 Bxe5 11. Bb2 O-O 12. Be2 Qh4 13. Qd2 Bd7 14. g3 Qh3 15. O-O-O c6 16. f4 Bg7 17. Bf3 a5 18. a4 Rac8 19. dxc6 bxc6 20. Ne4 d5 21. Bxg7 Kxg7 22. Qd4+ f6 23. Nf2 Qe6 24. Rhe1 Qd6 25. c5 Qb8 26. Re7+ Rf7 27. Rxf7+ Kxf7 28. cxb6 c5 29. Qxd5+ Be6 30. Qd6 Qxd6 31. Rxd6 c4 32. b7 Rb8 33. Ra6 1-0


[Site "https://www.chess.com"]

[Event "Titled Tuesday Blitz June 6 Late 2023"]
[White "laziestwin"]
[Black "The_Straightforward_Rook"]
[WhiteElo "2674"]
[BlackElo "2397"]
[Result "1-0"]
[Round "1"]
[TimeControl "180+2"]
[Date "2023.06.07"]
[WhiteClock "0:00:17"]
[BlackClock "0:00:14"]
[Board "96"]

1. d4 Nf6 2. c4 c5 3. d5 b5 4. cxb5 a6 5. bxa6 g6 6. Nc3 Bxa6 7. e4 Bxf1 8. Kxf1 d6 9. g3 Bg7 10. Nf3 O-O 11. Kg2 Nbd7 12. a4 Ra6 13. Re1 Qa8 14. Qc2 e6 15. dxe6 fxe6 16. Bg5 d5 17. exd5 exd5 18. Nb5 Qc6 19. Bxf6 Qxf6 20. Qd3 d4 21. b4 Kh8 22. Nc7 c4 23. Qe4 Ra7 24. Ne8 Rxe8 25. Qxe8+ Nf8 26. Ne5 Re7 27. Nxg6+ hxg6 28. Rxe7 d3 29. Rd1 Kh7 30. Rf7 Qd6 31. Qe7 Qd5+ 32. Kg1 Ne6 33. Qd7 Qxd7 34. Rxd7 Nd4 35. Rc7 c3 36. Rxd3 c2 37. Rxd4 1-0


[Site "https://www.chess.com"]

[Event "Titled Tuesday Blitz June 6 Late 2023"]
[White "Mikhalsky, Vladimir"]
[Black "Kleiman, Jake"]
[WhiteFideId "14144352"]
[BlackFideId "2020041"]
[WhiteElo "2236"]
[BlackElo "2672"]
[Result "0-1"]
[Round "1"]
[TimeControl "180+2"]
[Date "2023.06.07"]
[WhiteClock "0:00:04"]
[BlackClock "0:00:49"]
[Board "97"]

1. d4 Nf6 2. c4 e6 3. g3 Bb4+ 4. Bd2 Bxd2+ 5. Nxd2 O-O 6. Bg2 d6 7. Ngf3 Qe7 8. O-O e5 9. e3 c5 10. Re1 Nc6 11. a3 e4 12. Ng5 Bf5 13. Qb1 Rfe8 14. d5 Nb8 15. f4 exf3 16. Qxf5 fxg2 17. Kxg2 h6 18. Nh3 Nbd7 19. Nf3 Ne4 20. Nf2 Ndf6 21. Nd3 g6 22. Qf4 Kg7 23. g4 Qd7 24. h3 b5 25. b3 Rab8 26. Rab1 Nc3 27. Rbc1 Nce4 28. Rb1 a5 29. Nf2 Nxf2 30. Kxf2 Re4 31. Qg3 Rxg4 32. Qh2 Ne4+ 33. Ke2 Rg3 34. Rg1 Rxh3 35. Qg2 Nc3+ 36. Kd2 Nxb1+ 37. Rxb1 bxc4 0-1


[Site "https://www.chess.com"]

[Event "Titled Tuesday Blitz June 6 Late 2023"]
[White "Martins, Bruno Andre Leite"]
[Black "Van Foreest, Machteld"]
[WhiteFideId "1942255"]
[BlackFideId "1051563"]
[WhiteElo "2241"]
[BlackElo "2018"]
[Result "1/2-1/2"]
[Round "1"]
[TimeControl "180+2"]
[Date "2023.06.07"]
[WhiteClock "0:00:04"]
[BlackClock "0:00:08"]
[Board "98"]

1. e4 c5 2. Nf3 e6 3. d4 cxd4 4. Nxd4 Nf6 5. Nc3 Nc6 6. Ndb5 Bc5 7. Bf4 O-O 8. Bc7 Qe7 9. Bd6 Bxd6 10. Qxd6 Qd8 11. O-O-O a6 12. Nd4 Ne7 13. e5 Ng4 14. Rd2 Ng6 15. Nf3 Qa5 16. Kb1 N4xe5 17. Nxe5 Qxe5 18. Be2 b5 19. Bf3 Qxd6 20. Rxd6 Ra7 21. Rhd1 Ne5 22. Ne4 Bb7 23. Ng5 Nxf3 24. Nxf3 Bd5 25. Ne5 Rd8 26. f3 Kf8 27. Rb6 Ke7 28. b3 d6 29. Nd3 Kd7 30. Nb4 Kc7 31. Rxa6 Rxa6 32. Nxa6+ Kb6 33. Nb4 Bb7 34. Nd3 d5 35. Kb2 f6 36. b4 Rc8 37. Nc5 e5 38. c3 Rd8 39. Rd2 Rd6 40. Nb3 Bc8 41. Nc5 Bf5 42. a4 bxa4 43. Nxa4+ Kb5 44. Kb3 Be6 45. Nc5 Bf7 46. Kc2 d4 47. cxd4 exd4 48. Ne4 Rd5 49. Kd3 Kxb4 50. Rb2+ Ka3 51. Rb7 Be8 52. Rxg7 Bb5+ 53. Kd2 Rh5 54. h3 d3 55. Rb7 Kb4 56. Nxf6 Rc5 57. Ne4 Rc2+ 58. Kd1 Rxg2 59. Nd6 Rg1+ 60. Kd2 Rg2+ 61. Ke1 d2+ 62. Kd1 Kc3 63. Nxb5+ Kd3 64. Rd7+ Ke3 65. Re7+ Kxf3 66. Nc3 h5 67. Rf7+ Ke3 68. Rd7 Rg1+ 69. Kc2 Rc1+ 70. Kb2 Rh1 71. Nd5+ Ke2 72. Nc3+ Ke1 73. Kc2 Rh2 74. Re7+ Kf1 75. Kd1 Rf2 76. Re4 Kg2 77. h4 Kg3 78. Ne2+ Kf3 79. Rf4+ Ke3 80. Rxf2 Kxf2 81. Nf4 Kg3 82. Ng6 Kg4 83. Kxd2 Kf5 84. Nf8 Kg4 85. Ng6 Kf5 86. Ne7+ Kg4 87. Ng8 Kxh4 88. Nf6 Kg5 89. Nxh5 1/2-1/2


[Site "https://www.chess.com"]

[Event "Titled Tuesday Blitz June 6 Late 2023"]
[White "Zenin, Dmitry"]
[Black "Veiga, Jose Francisco R P Neves"]
[WhiteFideId "4127897"]
[BlackFideId "1930087"]
[WhiteElo "2215"]
[BlackElo "2319"]
[Result "1-0"]
[Round "1"]
[TimeControl "180+2"]
[Date "2023.06.07"]
[WhiteClock "0:00:29"]
[BlackClock "0:00:06"]
[Board "99"]

1. d4 Nf6 2. c4 g6 3. Nc3 Bg7 4. e4 O-O 5. Nf3 d6 6. Be2 Bg4 7. Be3 Nfd7 8. Qd2 c5 9. d5 Na6 10. O-O Nc7 11. a3 a6 12. b4 b6 13. Rab1 Rb8 14. Rfc1 Re8 15. h3 Bxf3 16. Bxf3 e6 17. Be2 exd5 18. exd5 f5 19. Bg5 Bf6 20. Bh6 Qe7 21. Bf1 Bg7 22. Bxg7 Qxg7 23. Re1 Qf6 24. f4 Rxe1 25. Rxe1 Re8 26. Rxe8+ Nxe8 27. Na4 Qa1 28. Qc3 Qxc3 29. Nxc3 cxb4 30. axb4 a5 31. bxa5 bxa5 32. Na4 Nef6 33. Kf2 Ne4+ 34. Ke3 Nec5 35. Nc3 Kf7 36. Nb5 Ke7 37. Be2 Nb6 38. Kd4 Nbd7 39. g4 fxg4 40. hxg4 Nf6 41. g5 Ne8 42. Bg4 Ng7 43. Na7 a4 44. Nb5 Nh5 45. f5 Nb7 46. f6+ Nxf6 47. gxf6+ Kxf6 48. Bc8 Na5 49. Kc3 Ke5 50. Kb4 Nxc4 51. Kxc4 h5 52. Bd7 g5 53. Nd4 g4 54. Bxa4 g3 55. Bd1 h4 56. Nf3+ Kf4 57. Nxh4 Ke3 58. Bf3 Kf4 59. Kb5 Kg5 60. Ng2 Kf5 61. Kc6 Ke5 62. Nh4 Kf4 63. Bg2 Ke5 64. Ng6+ Kf6 65. Kxd6 Kxg6 66. Ke7 Kf5 67. d6 Kf4 68. d7 Ke3 69. d8=Q Kf2 70. Qd5 Kg1 71. Qf3 Kh2 72. Bf1 g2 73. Qxg2# 1-0


[Site "https://www.chess.com"]

[Event "Titled Tuesday Blitz June 6 Late 2023"]
[White "Hollan, Martin"]
[Black "Adury, Anant"]
[WhiteFideId "360937"]
[BlackFideId "30964687"]
[WhiteElo "2370"]
[BlackElo "2388"]
[Result "1/2-1/2"]
[Round "1"]
[TimeControl "180+2"]
[Date "2023.06.07"]
[WhiteClock "0:00:17"]
[BlackClock "0:00:12"]
[Board "100"]

1. d4 Nf6 2. Nf3 g6 3. c4 Bg7 4. Bf4 O-O 5. e3 d6 6. Nc3 Nbd7 7. Be2 b6 8. O-O Bb7 9. Rc1 Ne4 10. Nxe4 Bxe4 11. Nd2 Bb7 12. b4 e5 13. dxe5 Nxe5 14. c5 dxc5 15. bxc5 Nd3 16. Bxd3 Qxd3 17. Bxc7 Rfc8 18. cxb6 axb6 19. a4 Bc3 20. Nb1 Qe4 21. Qf3 Qxf3 22. gxf3 Rxc7 23. Rxc3 Rxc3 24. Nxc3 Bxf3 25. Ra1 Rc8 26. Nb5 Kg7 27. Nd4 Be4 28. f3 Bd5 29. Kf2 Rc3 30. e4 Bc4 31. h4 Rd3 32. Nc6 Rd2+ 33. Kg3 Ra2 34. Rb1 Rxa4 35. Rxb6 Be6 36. Nd8 Ba2 37. Rb2 Ra3 38. Kf4 Bb3 39. Nc6 Bd1 40. Ne5 f6 41. Rb7+ Kg8 42. Rb8+ Kg7 43. Rb7+ Kg8 44. Rb8+ Kg7 45. Rb7+ 1/2-1/2


[Site "https://www.chess.com"]

[Event "Titled Tuesday Blitz June 6 Late 2023"]
[White "Ai, Evan"]
[Black "Martinez Ramirez, Lennis"]
[WhiteFideId "2094770"]
[BlackFideId "3509079"]
[WhiteElo "1963"]
[BlackElo "2410"]
[Result "0-1"]
[Round "1"]
[TimeControl "180+2"]
[Date "2023.06.07"]
[WhiteClock "0:00:25"]
[BlackClock "0:00:40"]
[Board "101"]

1. e4 c5 2. Nf3 Nc6 3. d4 cxd4 4. Nxd4 Nf6 5. Nc3 e5 6. Ndb5 d6 7. Bg5 a6 8. Na3 b5 9. Nd5 Be7 10. Bxf6 Bxf6 11. c4 b4 12. Nc2 O-O 13. g3 Be6 14. Ndxb4 Nxb4 15. Nxb4 Qb6 16. Qd2 Rfb8 17. Nd3 Bxc4 18. b3 Qd4 19. Rd1 Qxe4+ 20. Qe3 Bxd3 21. Bxd3 Qxh1+ 22. Ke2 Qb7 23. Be4 Qb5+ 24. Kf3 Be7 25. Bxa8 Rxa8 26. Qe4 Rc8 27. Rd5 Qc6 28. Kg2 f5 29. Qd3 g6 30. h4 h5 31. Kh3 Kf7 32. Kh2 Ke6 33. Ra5 Qb6 34. Qd5+ Kf6 35. Qd2 Rc2 36. Qxc2 Qxa5 37. Qc8 Qxa2 38. Qh8+ Ke6 39. Qc8+ Kf7 40. Qc4+ Kg7 41. Qe6 Qxf2+ 42. Kh3 Qa7 43. b4 Qb7 44. Kh2 Bf8 45. Kh3 Qh1# 0-1


[Site "https://www.chess.com"]

[Event "Titled Tuesday Blitz June 6 Late 2023"]
[White "Ehlvest, Jaan"]
[Black "Chabris, Christopher"]
[WhiteFideId "4500016"]
[BlackFideId "2005263"]
[WhiteElo "2442"]
[BlackElo "2383"]
[Result "1-0"]
[Round "1"]
[TimeControl "180+2"]
[Date "2023.06.07"]
[WhiteClock "0:01:01"]
[BlackClock "0:00:02"]
[Board "102"]

1. e4 e5 2. Nf3 Nc6 3. Nc3 Nf6 4. Bb5 Bb4 5. O-O O-O 6. d3 Bxc3 7. bxc3 d6 8. Re1 a6 9. Ba4 b5 10. Bb3 Be6 11. Bg5 h6 12. Bh4 Qe7 13. d4 Bg4 14. Bd5 Bd7 15. a4 Rab8 16. axb5 axb5 17. Qd2 Nd8 18. Bb3 Bg4 19. Qe3 c5 20. dxc5 dxc5 21. Bd5 Bxf3 22. Qxf3 g5 23. Bg3 Nxd5 24. exd5 f6 25. Qe4 Kg7 26. f4 gxf4 27. Bxf4 Nf7 28. Be3 Nd6 29. Qg4+ Kh7 30. Bxc5 Rg8 31. Qf3 Ra8 32. c4 bxc4 33. Rxa8 Rxa8 34. Rb1 Rc8 35. Bb4 Qa7+ 36. Kh1 Ne8 37. c3 Rb8 38. Rd1 Qg7 39. Qf5+ Kh8 40. d6 Rd8 41. d7 Nc7 42. Ba5 1-0


[Site "https://www.chess.com"]

[Event "Titled Tuesday Blitz June 6 Late 2023"]
[White "Smiechu"]
[Black "Amburgy, Ryan"]
[BlackFideId "30924820"]
[WhiteElo "2382"]
[BlackElo "2134"]
[Result "0-1"]
[Round "1"]
[TimeControl "180+2"]
[Date "2023.06.07"]
[WhiteClock "0:00:11"]
[BlackClock "0:00:40"]
[Board "103"]

1. e4 e5 2. Nf3 Nc6 3. d4 exd4 4. Nxd4 Nf6 5. Nxc6 bxc6 6. e5 Qe7 7. Qe2 Nd5 8. c4 Nb6 9. Nc3 a5 10. f4 a4 11. Qe4 Ba6 12. Be2 g6 13. O-O Bxc4 14. Bxc4 Qc5+ 15. Be3 Qxc4 16. Bxb6 Qxe4 17. Nxe4 cxb6 18. Nf6+ Ke7 19. Rfd1 Ra7 20. Ne4 Bg7 21. Rd3 Rf8 22. Rad1 f6 23. Nd6 fxe5 24. fxe5 Ke6 25. Re1 Rf4 26. g3 Rb4 27. a3 Rb3 28. Rd4 c5 29. Rd2 Bh6 30. Rdd1 b5 31. Ne4 Rc7 32. Rd6+ Ke7 33. Rf1 Re3 34. Nf6 Rxe5 35. Rfd1 Be3+ 36. Kg2 Bd4 37. Ra6 Re2+ 38. Kh3 Bxf6 0-1


[Site "https://www.chess.com"]

[Event "Titled Tuesday Blitz June 6 Late 2023"]
[White "Blohberger, Felix"]
[Black "Rama, Tejas"]
[WhiteFideId "1632051"]
[BlackFideId "30907381"]
[WhiteElo "2435"]
[BlackElo "2089"]
[Result "1-0"]
[Round "1"]
[TimeControl "180+2"]
[Date "2023.06.07"]
[WhiteClock "0:01:13"]
[BlackClock "0:01:11"]
[Board "104"]

1. d4 Nf6 2. c4 e6 3. Nc3 Bb4 4. e3 O-O 5. Bd3 d5 6. cxd5 exd5 7. a3 Bxc3+ 8. bxc3 c5 9. Ne2 Nc6 10. O-O b6 11. f3 Re8 12. Ng3 cxd4 13. cxd4 Na5 14. Ra2 Bd7 15. Re2 Bc6 16. Nf5 Qd7 17. Qe1 Bb5 18. Bxb5 Qxb5 19. Nd6 Qa4 20. Nxe8 Rxe8 21. Kh1 Nc4 22. e4 Rd8 23. Bg5 Nxa3 24. e5 1-0


[Site "https://www.chess.com"]

[Event "Titled Tuesday Blitz June 6 Late 2023"]
[White "Lalanne, Pablo"]
[Black "Belov, Alexei"]
[WhiteFideId "112151"]
[BlackFideId "4128206"]
[WhiteElo "2120"]
[BlackElo "2659"]
[Result "1-0"]
[Round "1"]
[TimeControl "180+2"]
[Date "2023.06.07"]
[WhiteClock "0:00:19"]
[BlackClock "0:01:04"]
[Board "105"]

1. e4 e6 2. d4 d5 3. Nd2 Nf6 4. e5 Nfd7 5. Bd3 c5 6. c3 Nc6 7. Ne2 f6 8. exf6 Nxf6 9. Nf3 Bd6 10. O-O Qc7 11. Bg5 O-O 12. Bh4 Bd7 13. Bg3 b6 14. Re1 Rae8 15. h3 e5 16. dxe5 Nxe5 17. Nxe5 Bxe5 18. Bxe5 Rxe5 19. Ng3 Rfe8 20. Qd2 g6 21. Rxe5 Qxe5 22. Kf1 Kg7 23. Re1 Qxe1+ 24. Qxe1 Rxe1+ 25. Kxe1 Ne8 26. Kd2 Kf6 27. f4 Nd6 28. Ke3 h5 29. Nf1 h4 30. Nd2 Bc6 31. Nf3 d4+ 32. cxd4 cxd4+ 33. Kxd4 Bxf3 34. gxf3 Ne8 35. Kd5 Ng7 36. Kc6 Ne6 37. f5 gxf5 38. Bf1 Ke5 39. Kb7 Kf4 40. Kxa7 Kxf3 41. Kxb6 Kf2 42. Bd3 f4 43. a4 Ng5 44. a5 Ke3 45. Bf1 Kf2 46. Bc4 f3 47. a6 Kg3 48. a7 Nxh3 49. a8=Q Nf4 50. Qe4 h3 51. Bd5 Nxd5+ 52. Qxd5 h2 53. Qg5+ Kf2 54. Qh4+ Kg2 55. Qg4+ Kf2 56. Qh3 Kg1 57. Qxf3 h1=Q 58. Qxh1+ Kxh1 59. b4 1-0


[Site "https://www.chess.com"]

[Event "Titled Tuesday Blitz June 6 Late 2023"]
[White "Tatarinov, Dmitry"]
[Black "Mazurkiewicz, Michal"]
[WhiteFideId "24160067"]
[BlackFideId "1124943"]
[WhiteElo "2326"]
[BlackElo "2063"]
[Result "1-0"]
[Round "1"]
[TimeControl "180+2"]
[Date "2023.06.07"]
[WhiteClock "0:01:01"]
[BlackClock "0:00:01"]
[Board "106"]

1. e4 d6 2. Nf3 Nf6 3. d4 c6 4. Nc3 Bg4 5. a4 e6 6. h3 Bh5 7. g4 Bg6 8. Bd3 d5 9. e5 Nfd7 10. a5 c5 11. Ne2 Nc6 12. a6 b6 13. Bb5 Rc8 14. c3 Be4 15. Ng3 cxd4 16. Nxe4 dxe4 17. Nxd4 Nxd4 18. Qxd4 Bc5 19. Qxe4 O-O 20. Bf4 Qc7 21. Rd1 Bxf2+ 22. Kxf2 Qc5+ 23. Qd4 Qxb5 24. Qxd7 Qxb2+ 25. Rd2 Qxc3 26. Qd3 Qa5 27. Rhd1 Rc3 28. Qd6 Qa4 29. Rd4 Rc2+ 30. R1d2 Rxd2+ 31. Bxd2 Qxa6 32. Bb4 Re8 33. Qd7 Qc8 34. Qxc8 Rxc8 35. Rd7 a5 36. Bd6 h5 37. Rb7 Rc3 38. Kg2 hxg4 39. hxg4 Rb3 40. Bc7 a4 41. Rxb6 Rxb6 42. Bxb6 a3 43. Bd4 Kh7 44. Kf3 Kg6 45. Kf4 f6 46. Ba1 a2 47. Bb2 Kf7 48. Kg3 Kg6 49. Kh4 Kf7 50. Kh5 f5 51. gxf5 exf5 52. Kg5 1-0


[Site "https://www.chess.com"]

[Event "Titled Tuesday Blitz June 6 Late 2023"]
[White "Stachanczyk, Jacek"]
[Black "Ibadov, Dashgyn"]
[WhiteFideId "1116657"]
[BlackFideId "24107514"]
[WhiteElo "2084"]
[BlackElo "2208"]
[Result "0-1"]
[Round "1"]
[TimeControl "180+2"]
[Date "2023.06.07"]
[WhiteClock "0:01:06"]
[BlackClock "0:00:56"]
[Board "107"]

1. e4 e6 2. d4 d5 3. Nc3 Nf6 4. e5 Nfd7 5. f4 c5 6. Nf3 Nc6 7. Be3 cxd4 8. Nxd4 Bc5 9. Qd2 O-O 10. O-O-O a6 11. Qf2 Bxd4 12. Bxd4 b5 13. Bd3 b4 14. Ne2 a5 15. Qh4 g6 16. Qh6 b3 17. axb3 a4 18. bxa4 Rxa4 19. b3 Rxd4 20. Nxd4 Nxd4 21. Bxg6 Nxb3+ 22. cxb3 fxg6 23. Rd3 Nc5 24. Rh3 Rf7 25. Kb2 Ba6 26. Ra1 Nd3+ 27. Kc3 Nxf4 28. Rf3 Qc7+ 29. Kd2 Qxe5 30. Rxa6 Qe2+ 31. Kc3 Rc7+ 32. Kd4 e5# 0-1


[Site "https://www.chess.com"]

[Event "Titled Tuesday Blitz June 6 Late 2023"]
[White "Zhurbinsky, David"]
[Black "Manon-og, Ramon Jr."]
[WhiteFideId "2072904"]
[BlackFideId "5200776"]
[WhiteElo "2654"]
[BlackElo "2371"]
[Result "1-0"]
[Round "1"]
[TimeControl "180+2"]
[Date "2023.06.07"]
[WhiteClock "0:00:15"]
[BlackClock "0:01:07"]
[Board "108"]

1. e4 c5 2. Nf3 d6 3. d4 cxd4 4. Nxd4 Nf6 5. f3 a6 6. c4 e6 7. Nc3 Be7 8. Be3 O-O 9. Be2 Nc6 10. O-O Bd7 11. Rc1 Rc8 12. Qd2 Ne5 13. b3 h6 14. h3 Nh5 15. f4 Ng3 16. fxe5 dxe5 17. Nf3 Nxf1 18. Bxf1 Qc7 19. Qf2 Bc6 20. Qg3 Kh8 21. Qxe5 Bd6 22. Qh5 Bf4 23. Bxf4 Qxf4 24. Re1 Rcd8 25. Qe5 Qxe5 26. Nxe5 Rd2 27. Re3 Rc2 28. Be2 Kg8 29. Nxc6 bxc6 30. Rd3 g6 31. Kf2 Kg7 32. Ke3 a5 33. Bf3 h5 34. e5 c5 35. Ne4 Rxa2 36. Nxc5 Rc8 37. Nb7 a4 38. bxa4 Rxa4 39. c5 Rc7 40. c6 Rb4 41. Rd7 Rc8 42. Nd6 Rf8 43. c7 Rb3+ 44. Kd2 g5 45. Rxf7+ Rxf7 46. Nxf7 Rb2+ 47. Kc1 Kxf7 48. Kxb2 g4 49. hxg4 hxg4 50. Bxg4 Kg6 51. Bxe6 Kg5 52. c8=Q Kf4 53. Qc5 1-0


[Site "https://www.chess.com"]

[Event "Titled Tuesday Blitz June 6 Late 2023"]
[White "sebastianmarinp"]
[Black "Papp, Levente"]
[BlackFideId "751243"]
[WhiteElo "2370"]
[BlackElo "2380"]
[Result "0-1"]
[Round "1"]
[TimeControl "180+2"]
[Date "2023.06.07"]
[WhiteClock "0:00:14"]
[BlackClock "0:01:26"]
[Board "109"]

1. e4 e6 2. d4 d5 3. Nc3 Bb4 4. e5 Ne7 5. a3 Bxc3+ 6. bxc3 b6 7. a4 Ba6 8. Bxa6 Nxa6 9. Ne2 c5 10. O-O Rc8 11. Ba3 O-O 12. Qd3 Nb8 13. c4 dxc4 14. Qxc4 cxd4 15. Qxd4 Nf5 16. Qe4 Re8 17. Rfd1 Qg5 18. Ng3 Nc6 19. Bd6 Nxg3 20. hxg3 Na5 21. Rd4 Qg6 22. Rc1 Nb3 0-1


[Site "https://www.chess.com"]

[Event "Titled Tuesday Blitz June 6 Late 2023"]
[White "Najer, Evgeniy"]
[Black "Prydun, Andriy"]
[WhiteFideId "4118987"]
[BlackFideId "14145898"]
[WhiteElo "2545"]
[BlackElo "2164"]
[Result "1-0"]
[Round "1"]
[TimeControl "180+2"]
[Date "2023.06.07"]
[WhiteClock "0:00:37"]
[BlackClock "0:00:01"]
[Board "110"]

1. d4 d5 2. c4 c6 3. Nf3 Nf6 4. e3 e6 5. b3 Nbd7 6. Bd3 Be7 7. O-O O-O 8. Bb2 c5 9. cxd5 Nxd5 10. Nc3 Nxc3 11. Bxc3 Bf6 12. Qc2 cxd4 13. Bxh7+ Kh8 14. Nxd4 g6 15. Bxg6 fxg6 16. Nxe6 Qe7 17. Nxf8 Nxf8 18. Rac1 Bf5 19. Qb2 Nd7 20. e4 Be6 21. Rfd1 Kg7 22. Rxd7 Bxd7 23. e5 Bg5 24. e6+ Kh7 25. exd7 Bxc1 26. Qxc1 Qxd7 27. h3 Rc8 28. Qe3 Rc7 29. Kh2 Qc6 30. Bd4 b6 31. Qe5 Rd7 32. Qh8# 1-0


[Site "https://www.chess.com"]

[Event "Titled Tuesday Blitz June 6 Late 2023"]
[White "Shapiro, Daniel"]
[Black "Goryachkina, Aleksandra"]
[WhiteFideId "2001780"]
[BlackFideId "4147103"]
[WhiteElo "2365"]
[BlackElo "2471"]
[Result "0-1"]
[Round "1"]
[TimeControl "180+2"]
[Date "2023.06.07"]
[WhiteClock "0:00:03"]
[BlackClock "0:00:04"]
[Board "111"]

1. d4 Nf6 2. c4 e6 3. g3 d5 4. Nf3 dxc4 5. Bg2 Bb4+ 6. Bd2 a5 7. O-O O-O 8. Qc2 b5 9. a4 Bxd2 10. Nbxd2 c6 11. b3 cxb3 12. Nxb3 b4 13. Ne5 Nd5 14. Nxc6 Nxc6 15. Qxc6 Bd7 16. Qd6 Nc3 17. Bxa8 Nxe2+ 18. Kg2 Qxa8+ 19. f3 Bc6 20. Nxa5 Qxa5 21. Qxc6 Nxd4 22. Qc4 Nf5 23. Qe4 Rb8 24. Rfd1 h6 25. Rd7 b3 26. Rb7 Rxb7 27. Qxb7 Qd2+ 28. Kh3 Ne3 29. f4 g5 30. fxg5 hxg5 31. Rb1 g4+ 32. Kh4 Qxh2+ 33. Kg5 Kg7 34. Kf4 Qf2+ 35. Ke5 Qf5+ 36. Kd6 Qxb1 37. a5 Nf5+ 38. Kd7 b2 39. a6 Qd1+ 40. Ke8 Nd6+ 0-1


[Site "https://www.chess.com"]

[Event "Titled Tuesday Blitz June 6 Late 2023"]
[White "Popilski, Gil"]
[Black "Rodrigues, Bruno Morado"]
[WhiteFideId "2809060"]
[BlackFideId "2115654"]
[WhiteElo "2537"]
[BlackElo "2040"]
[Result "1-0"]
[Round "1"]
[TimeControl "180+2"]
[Date "2023.06.07"]
[WhiteClock "0:00:40"]
[BlackClock "0:01:11"]
[Board "112"]

1. e4 c5 2. Nf3 Nc6 3. Bb5 e6 4. O-O Nge7 5. d4 cxd4 6. Nxd4 Qc7 7. Nxc6 bxc6 8. Bd3 Ng6 9. Qg4 Bc5 10. Nd2 O-O 11. Nf3 d5 12. h4 f5 13. exf5 exf5 14. Qg5 Be7 15. Qd2 Nxh4 16. Nxh4 Bxh4 17. c4 f4 18. cxd5 cxd5 19. Qb4 Rb8 20. Qa4 Rb6 21. Bd2 Rxb2 22. Rac1 Qd6 23. Bc3 Rb6 24. Qxa7 f3 25. Qxg7# 1-0


[Site "https://www.chess.com"]

[Event "Titled Tuesday Blitz June 6 Late 2023"]
[White "Hoffmann, Asa"]
[Black "Fiorito, Joaquin"]
[WhiteFideId "2001470"]
[BlackFideId "180173"]
[WhiteElo "2117"]
[BlackElo "2199"]
[Result "1/2-1/2"]
[Round "1"]
[TimeControl "180+2"]
[Date "2023.06.07"]
[WhiteClock "0:00:09"]
[BlackClock "0:00:03"]
[Board "113"]

1. d4 Nf6 2. Bg5 Ne4 3. Bf4 d5 4. f3 Nf6 5. e4 e6 6. e5 Nfd7 7. Be3 c5 8. c3 Nc6 9. f4 Qb6 10. Qd2 a5 11. Nf3 a4 12. Bd3 cxd4 13. cxd4 a3 14. bxa3 Qa5 15. O-O Qxd2 16. Nfxd2 Nb6 17. Nb3 Be7 18. Nc3 Rxa3 19. Nb5 Ra4 20. Nd6+ Bxd6 21. exd6 Nc4 22. Bxc4 Rxc4 23. Rac1 Rxc1 24. Rxc1 Kd7 25. f5 Kxd6 26. Bf4+ Ke7 27. fxe6 fxe6 28. Bg5+ Kf7 29. Rf1+ Kg6 30. Bf4 b6 31. Bc7 Ba6 32. Rc1 Bc4 33. Bxb6 Ra8 34. Nd2 Ra4 35. Bc5 Bxa2 36. Ra1 Kf5 37. Kf2 e5 38. Ke3 exd4+ 39. Kf2 g6 40. h3 d3 41. g4+ Ke5 42. Ke3 d4+ 43. Kxd3 Kd5 44. Bf8 Bc4+ 45. Nxc4 Rxa1 46. Nd2 Ne5+ 47. Ke2 Ra2 48. Ke1 Nc4 49. Nf3 d3 50. Bh6 Re2+ 51. Kf1 Ne3+ 52. Kg1 Nc4 53. Kf1 Re8 54. Kf2 Re2+ 55. Kf1 1/2-1/2


[Site "https://www.chess.com"]

[Event "Titled Tuesday Blitz June 6 Late 2023"]
[White "Lopez Mulet, Inigo"]
[Black "Vaglio Munoz, Jaime"]
[WhiteFideId "22235620"]
[BlackFideId "6500145"]
[WhiteElo "2302"]
[BlackElo "2199"]
[Result "1-0"]
[Round "1"]
[TimeControl "180+2"]
[Date "2023.06.07"]
[WhiteClock "0:02:46"]
[BlackClock "0:01:57"]
[Board "114"]

1. b3 b5 2. Bb2 Bb7 3. e3 a6 4. f4 Nf6 5. Nf3 d6 6. d4 Nbd7 7. Bd3 Ne4 8. O-O Ndf6 9. Nbd2 e6 10. Ng5 Nxd2 11. Qxd2 h6 12. Nf3 Ne4 13. Qe1 Be7 14. a4 bxa4 15. Rxa4 O-O 16. c4 c5 17. Nd2 Bf6 18. Nxe4 Bxe4 19. Bxe4 d5 20. cxd5 exd5 21. Bb1 Qb6 22. Qd1 c4 23. Qc2 Rfc8 24. Qh7+ Kf8 25. Ba3+ Ke8 26. Qg8+ Kd7 27. Qxf7+ Kd8 28. Bf5 Ra7 29. Qf8+ Kc7 30. Qxc8# 1-0


[Site "https://www.chess.com"]